[Event "*** Titled Tuesday Blitz"]
[Site "Chess.com"]
[Date "2019.08.06"]
[Round "3"]
[White "Sanan_Sjugirov"]
[Black "TregubovP"]
[Result "1-0"]
[WhiteElo "2900"]
[BlackElo "2508"]
[TimeControl "180+2"]
[EndTime "13:40:29 PDT"]
[Termination "Sanan_Sjugirov won on time"]

1. c4 c5 2. Nf3 Nc6 3. Nc3 Nf6 4. d4 cxd4 5. Nxd4 Qb6 6. Nc2 e6 7. e3 Be7 8. Be2 O-O 9. O-O Rd8 10. e4 Qc7 11. Be3 b6 12. Rc1 Bb7 13. Kh1 Rac8 14. f3 Qb8 15. Qd2 Ne5 16. b3 d5 17. cxd5 exd5 18. exd5 Nxd5 19. Nxd5 Bxd5 20. Nd4 Ba3 21.
Rxc8 Qxc8 22. Rd1 Bb7 23. Qe1 h6 24. Nb5 Rxd1 25. Qxd1 Bf8 26. Nxa7 Qa8 27. Bxb6 Ng6 28. a4 Nf4 29. Bc4 Qe8 30. Nb5 Qe5 31. Bc7 Qg5 32.
Bxf4 Qxf4 33. a5 Bb4 34. Qd8+ Kh7 35. Bd3+ g6 36. Qc7 Qxc7 37. Nxc7 Bxa5 38. Ne8 Bc3 39. Nd6 Bd5 40. Bc4 Bxc4 41. Nxc4 Kg7 42. Kg1 Kf6 43. Kf2 Ke6 44. Ke3 Kd5 45. Kd3 Bd4 46. Nd2 Bg1 47.
h3 f5 48. b4 Bf2 49. Nb1 Kc6 50. Nc3 Be1 51. Kc4 Bd2 52. b5+ Kd6 53. Nd5 g5 54.
Kd4 Be1 55. Kc4 Bf2 56. Nc3 h5 57. Ne2 g4 58. Nf4 gxh3 59. gxh3 h4 60. Nd5 Bg1 61.
Nc3 Ke5 62. Ne2 Bb6 63. Kd3 Ba7 64. Nc3 Kf4 65. Ke2 Kg3 66. Nd5 Kxh3 67. b6 Bb8 68. Kf2 Bd6 69. Ne3 Bc5 70. b7 Ba7 71. Ke2 f4 72.
Nf5 Bb8 73. Kf2 Ba7+ 74. Kf1 Bb8 75. Ke2 Ba7 76. Kd3 Kg2 77. Nxh4+ Kg3 78. Nf5+ Kxf3 79. Nd4+ Kg2 80. Ke4 1-0

[Event "*** Titled Tuesday Blitz"]
[Site "Chess.com"]
[Date "2019.08.06"]
[Round "3"]
[White "olksuna"]
[Black "dcremisi"]
[Result "1-0"]
[WhiteElo "2558"]
[BlackElo "2370"]
[TimeControl "180+2"]
[EndTime "13:40:37 PDT"]
[Termination "olksuna won by resignation"]

1. c4 g6 2. Nc3 Bg7 3. g3 Nf6 4. Bg2 c5 5. Bf1 O-O 6. Bg2 Nc6 7. Nf3 b6 8. O-O Bb7 9. d3 e6 10. Bg5 h6 11. Bxf6 Bxf6 12. Qd2 Bg7 13. e4 Qe7 14. Rae1 Rad8 15. h3 Rfe8 16. Kh2 Nd4 17. Nxd4 Bxd4 18. Qxh6 a6 19. e5 Bxg2 20. Kxg2 Bxc3 21. bxc3 d6 22. Re4 dxe5 23. Rb1 Qf8 24. Qe3 Qd6 25. Rxe5 Qxd3 26. Qxd3 Rxd3 27. Rxb6 Rxc3 28. Rxc5 Ra3 29. Rb2 Rd8 30. Rc7 Rad3 31. Ra7 Rc3 32. Rbb7 Rf8 33.
Rxa6 Rxc4 34. a4 Rc2 35. a5 Ra2 36. Raa7 Kg7 37. a6 g5 38. Rb6 Rc8 39. Rbb7 Rf8 40.
Rc7 Kg6 41. g4 f5 42. Rg7+ Kf6 43. gxf5 exf5 44. Rgc7 g4 45. Rc6+ Kg5 46. Rg7+ Kf4 47. h4 Ra8 48. Rc4+ Ke5 49. Rc5+ Kf6 50. Rg5 R8xa6 51.
Rcxf5+ Ke6 52. Rf4 R6a4 53. Rgxg4 Rxf4 54. Rxf4 Ke5 55. Rf8 Ra1 56. h5 Ra4 57. Kg3 Ra1 58. Kg2 Ra4 59.
Rf3 Ra6 60. Kg3 Ra1 61. Kg4 Ke6 62. h6 Rh1 63. Rh3 Rg1+ 64. Kf4 Rg8 65. h7 Rh8 66. Rh6+ Kf7 67. Kf5 Kg7 68. Rh2 Rf8+ 69. Kg5 Kh8 70. f4 Rf7 71. f5 Rg7+ 72. Kf6 Rf7+ 73. Ke6 Ra7 74. Rd2 Ra6+ 75. Rd6 Ra1 76. f6 Re1+ 77. Kf7 Ra1 78. Rd4 Ra2 79. Re4 Ra3 80. Kf8 Ra6 81. f7 Kxh7 82. Rh4+ Kg6 83. Rg4+ Kf5 84. Rg2 Kf6 85.
Rf2+ Kg6 86. Rg2+ Kf6 87. Kg8 Ra2 88. Rxa2 1-0

[Event "*** Titled Tuesday Blitz"]
[Site "Chess.com"]
[Date "2019.08.06"]
[Round "3"]
[White "Slovak_fighter2000"]
[Black "Nakachuk"]
[Result "1-0"]
[WhiteElo "2476"]
[BlackElo "2667"]
[TimeControl "180+2"]
[EndTime "13:41:03 PDT"]
[Termination "Slovak_fighter2000 won by resignation"]

1. d4 Nf6 2. c4 g6 3. Nc3 Bg7 4. e4 d6 5. h3 O-O 6. Be3 c5 7.
Nf3 Qa5 8. Bd3 Nc6 9. O-O Nd7 10. d5 Nd4 11. Bxd4 cxd4 12. Nb5 Qb6 13. b3 a6 14. Na3 Nc5 15. Nc2 e5 16. dxe6 Nxe6 17. Qd2 Bd7 18. Nb4 Bc6 19. Nd5 Bxd5 20. exd5 Nc5 21.
Rfe1 a5 22. Rab1 Rfe8 23. Bc2 Qb4 24. Qxb4 axb4 25. Rxe8+ Rxe8 26. Rd1 Ra8 27. Bb1 d3 28. Ne1 d2 29. Rxd2 Bc3 30. Re2 Bxe1 31. Rxe1 Kf8 32. f3 f5 33. Kf2 f4 34. h4 Kf7 35. h5 Kf6 36. hxg6 hxg6 37. Rh1 Kg7 38. Rh4 Rf8 39.
Rh1 Re8 40. Re1 Rh8 41. Re7+ Kf6 42. Re1 g5 43. Ke2 Nd7 44. Kd2 Ne5 45. Re2 Rh1 46.
Re1 Rh2 47. Re2 b6 48. Bc2 Rh1 49. Re1 Rh8 50. Re2 Ra8 51. Bb1 Rh8 52. Re1 g4 53.
fxg4 Kg5 54. Bf5 Rh2 55. Re2 Rh1 56. Re1 Rh8 57. Re2 Ra8 58. Ke1 Rh8 59. Kd2 Rh2 60. Ke1 Rh1+ 61. Kf2 Ra1 62. Rd2 Nf7 63. Re2 Ne5 64.
Rd2 Rc1 65. Re2 Rc3 66. Rd2 f3 67. gxf3 Rxf3+ 68. Ke2 Kf4 69. Rd4+ Kg5 70. Re4 Rh3 71.
Kd2 Rh2+ 72. Re2 Rh6 73. Kc2 Rh3 74. Kb2 Rf3 75. Rh2 Kf4 76. Rc2 Ke3 77. a3 bxa3+ 78.
Kxa3 Kd4 79. Kb4 Rg3 80. Rd2+ Ke3 81. Ra2 Kd4 82. Ra6 b5 83. cxb5 Kxd5 84. b6 Nc6+ 85. Ka3 Rg1 86. Kb2 Rg2+ 87. Ka3 Rg1 88. Ra4 Kc5 89.
b7 Rh1 90. Be4 Rh8 91. Bxc6 Kxc6 92. Ra8 1-0

[Event "*** Titled Tuesday Blitz"]
[Site "Chess.com"]
[Date "2019.08.06"]
[Round "3"]
[White "PchelkinVK"]
[Black "Ba_clbaf_osed_ingo_3v21"]
[Result "1/2-1/2"]
[WhiteElo "2535"]
[BlackElo "2529"]
[TimeControl "180+2"]
[EndTime "13:42:18 PDT"]
[Termination "Game drawn - timeout vs insufficient material"]

1. d4 Nf6 2. Nc3 d6 3. e4 e5 4. Nf3 Nbd7 5. g4 Nxg4 6. Rg1 Ngf6 7. Bg5 Be7 8. Qd2 c6 9. O-O-O b5 10. d5 b4 11.
dxc6 bxc3 12. cxd7+ Bxd7 13. Qxc3 Nxe4 14. Bxe7 Nxc3 15. Bxd8 Nxd1 16. Bh4 Nxb2 17. Kxb2 O-O 18. Bf6 g6 19. Bc4 Be6 20. Bb3 a5 21. a4 Rfb8 22.
Ng5 Bxb3 23. cxb3 Rb4 24. Rd1 Rab8 25. Rd3 e4 26. Rc3 Rxa4 27. Nxh7 Rab4 28. Ka3 a4 29. bxa4 e3 30. Rxe3 Rf4 31. Bg5 Rxf2 32. Nf6+ Kg7 33. Ne8+ Kf8 34. Nxd6 Ra8 35. Bh6+ Kg8 36. h4 Rf1 37.
Re4 Ra1+ 38. Kb3 Rb1+ 39. Kc2 Ra1 40. Kb3 Rb1+ 41. Ka2 Rb6 42. Bf4 Rab8 43. Be5 f6 44.
Nc4 Re6 45. Bxb8 Rxe4 46. Kb3 Rxh4 47. a5 Rh1 48. a6 Rb1+ 49. Nb2 Ra1 50. a7 Ra6 51.
Na4 g5 52. Nc5 Ra5 53. Kb4 Rxa7 54. Bxa7 Kf7 55. Kc4 f5 56. Kd5 Kg6 57. Ke5 f4 58. Nd3 f3 59. Ke4 g4 60. Kf4 Kh5 61. Kg3 Kg5 62.
Nf2 Kf5 63. Nxg4 Ke6 64. Kxf3 Kd5 65. Ke3 Kc4 66. Bd4 Kd5 67. Ne5 Ke6 68. Ke4 Kd6 69. Nd3 Ke6 70. Bc5 Kf6 71. Kf4 Ke6 72. Ne5 Kd5 73.
Bf8 Kd4 74. Nf3+ Kd5 75. Kf5 Kc4 76. Ke4 Kc3 77. Bg7+ Kc4 78. Bd4 Kb3 79. Kd3 Kb4 80.
Ne5 Kb5 81. Kc3 Ka6 82. Kb4 Kb7 83. Kb5 Kc7 84. Bc5 Kb7 85. Bd6 Ka7 86. Nd7 Kb7 87. Nc5+ Ka8 88. Kc6 Ka7 89. Bc7 Ka8 90. Bb6 Kb8 91. Nd7+ Ka8 92. Ne5 Kb8 93. Nc4 Ka8 94. Nd6 Kb8 95. Nb5 Ka8 96. Nc7+ Kb8 97. Bc5 Kc8 98.
Ba7 Kd8 99. Nd5 Ke8 100. Kd6 Kf7 101. Bd4 Kg6 102. Ne3 Kg5 103. Ke6 Kf4 104. Kd5 Kf3 105. Nc4 Kf4 106. Ne3 Kf3 107. Nc4 Kf4 1/2-1/2

[Event "*** Titled Tuesday Blitz"]
[Site "Chess.com"]
[Date "2019.08.06"]
[Round "4"]
[White "Kawhi_Leonard2"]
[Black "Zq1"]
[Result "0-1"]
[WhiteElo "2312"]
[BlackElo "2580"]
[TimeControl "180+2"]
[EndTime "13:44:32 PDT"]
[Termination "Zq1 won by resignation"]

1. e4 c5 2. Nf3 d6 3. d4 cxd4 4. Nxd4 Nf6 5. Nc3 Nc6 6. Bg5 g6 7. Bxf6 exf6 8. Qd2 Bg7 9. O-O-O O-O 10. Ndb5 f5 11.
Qxd6 Qa5 12. Bd3 a6 13. Nc7 Be5 14. Qxe5 Nxe5 15. Nxa8 Be6 16. exf5 gxf5 0-1

[Event "*** Titled Tuesday Blitz"]
[Site "Chess.com"]
[Date "2019.08.06"]
[Round "4"]
[White "Bladel"]
[Black "beatles_22"]
[Result "1-0"]
[WhiteElo "2440"]
[BlackElo "2638"]
[TimeControl "180+2"]
[EndTime "13:46:17 PDT"]
[Termination "Bladel won by resignation"]

1. e4 e5 2. Nf3 Nc6 3. Nc3 Nf6 4. a3 Be7 5. d4 exd4 6. Nxd4 O-O 7. Nxc6 bxc6 8. e5 Ne8 9. Bd3 d6 10. f4 dxe5 11.
fxe5 Bc5 12. Bxh7+ Kxh7 13. Qxd8 Bb7 14. Qh4+ Kg8 15. Bg5 f6 16. Qc4+ Kh7 17. Qxc5 fxg5 18.
Qxf8 1-0

[Event "*** Titled Tuesday Blitz"]
[Site "Chess.com"]
[Date "2019.08.06"]
[Round "4"]
[White "albi1999"]
[Black "ruvat"]
[Result "1-0"]
[WhiteElo "2477"]
[BlackElo "2349"]
[TimeControl "180+2"]
[EndTime "13:46:19 PDT"]
[Termination "albi1999 won by resignation"]

1. d4 d6 2. Nf3 g6 3. g3 Bg7 4. Bg2 Nf6 5. O-O O-O 6. b3 c5 7. c4 Nc6 8. Bb2 cxd4 9. Nxd4 Bd7 10. Nc3 Qa5 11. e3 Rac8 12. Qd2 Qh5 13. Rfe1 Nxd4 14. exd4 Ng4 15. h3 Nh6 16. Qe2 Bxd4 17.
Qxh5 gxh5 18. Rxe7 Bc6 19. Rd1 Bf6 20. Re2 Nf5 21.
Nd5 Bxb2 22. Rxb2 Bxd5 23. Rxd5 b6 24. Rxf5 1-0

[Event "*** Titled Tuesday Blitz"]
[Site "Chess.com"]
[Date "2019.08.06"]
[Round "4"]
[White "Iyael"]
[Black "DACF2905"]
[Result "1-0"]
[WhiteElo "2160"]
[BlackElo "2194"]
[TimeControl "180+2"]
[EndTime "13:46:29 PDT"]
[Termination "Iyael won by resignation"]

1. e4 c5 2. c3 e6 3. d4 cxd4 4.
cxd4 d5 5. e5 Nc6 6. Nf3 Bd7 7. Nc3 a6 8. Be2 Nge7 9. O-O Nf5 10. Qd2 Be7 11. b3 Rc8 12. Bb2 b5 13. Rfd1 f6 14. Rac1 O-O 15. h3 fxe5 16. dxe5 Be8 17.
g4 Nh4 18. Nxh4 Bxh4 19. f4 Qb6+ 20. Kh1 Qf2 21. Rf1 Qg3 22. Rf3 d4 23. Ne4 Qxf3+ 24. Bxf3 Bg6 25. Nd6 1-0

[Event "*** Titled Tuesday Blitz"]
[Site "Chess.com"]
[Date "2019.08.06"]
[Round "4"]
[White "Jospem"]
[Black "OlympusMons95"]
[Result "1-0"]
[WhiteElo "2915"]
[BlackElo "2633"]
[TimeControl "180+2"]
[EndTime "13:46:53 PDT"]
[Termination "Jospem won by resignation"]

1. c4 e6 2. g3 Nf6 3. Bg2 d5 4. Nf3 Be7 5. O-O O-O 6. b3 c5 7. Bb2 Nc6 8. e3 d4 9. exd4 cxd4 10. Re1 Re8 11. Ne5 Nxe5 12. Rxe5 Nd7 13. Re2 e5 14. d3 Bf8 15. Nd2 Nc5 16. Qc2 Bg4 17. Ree1 Qc7 18. b4 Nd7 19. c5 Rac8 20. Qa4 b6 21. c6 b5 22. Qxb5 Rb8 23. cxd7 Bxd7 24. Qc4 Qb6 25. a3 a5 26. Qd5 1-0

[Event "*** Titled Tuesday Blitz"]
[Site "Chess.com"]
[Date "2019.08.06"]
[Round "4"]
[White "riconaipe"]
[Black "maciek_92"]
[Result "1-0"]
[WhiteElo "2453"]
[BlackElo "2747"]
[TimeControl "180+2"]
[EndTime "13:46:56 PDT"]
[Termination "riconaipe won by resignation"]

1. d4 Nf6 2. c4 e6 3. Nc3 Bb4 4. Nf3 O-O 5. Bg5 h6 6. Bh4 d5 7. e3 Re8 8. Rc1 Nbd7 9. a3 Bxc3+ 10. Rxc3 c6 11. Be2 Nf8 12. O-O Ng6 13. Bxf6 Qxf6 14.
Bd3 Nf8 15. Ne5 Qe7 16. f4 f6 17. Ng6 Nxg6 18. Bxg6 Rf8 19. Qh5 Bd7 20. g4 e5 21. dxe5 fxe5 22. Qxe5 Qxe5 23. fxe5 Bxg4 24. cxd5 cxd5 25. Rc7 Bh3 26. Rff7 Rxf7 27. Bxf7+ Kh8 28. e6 1-0

[Event "*** Titled Tuesday Blitz"]
[Site "Chess.com"]
[Date "2019.08.06"]
[Round "4"]
[White "LuckyTiger"]
[Black "sergiochess83"]
[Result "0-1"]
[WhiteElo "2663"]
[BlackElo "2909"]
[TimeControl "180+2"]
[EndTime "13:47:11 PDT"]
[Termination "sergiochess83 won by checkmate"]

1. e4 c6 2. d4 d5 3. Nc3 dxe4 4. Nxe4 Bf5 5. Ng3 Bg6 6. h4 h6 7. Nf3 e6 8. Ne5 Bh7 9. Bd3 Bxd3 10. Qxd3 Nd7 11. f4 Be7 12. Bd2 Nxe5 13. fxe5 Bxh4 14.
O-O-O Bxg3 15. Qxg3 Ne7 16. Qxg7 Rg8 17. Qh7 Qd5 18.
Bb4 Qxa2 19. Bxe7 Rxg2 20. Qh8+ Kd7 21. Qxa8 Qa1# 0-1

[Event "*** Titled Tuesday Blitz"]
[Site "Chess.com"]
[Date "2019.08.06"]
[Round "4"]
[White "Frolik67"]
[Black "Er_is_geen_hoop_meer"]
[Result "1-0"]
[WhiteElo "2625"]
[BlackElo "2353"]
[TimeControl "180+2"]
[EndTime "13:47:18 PDT"]
[Termination "Frolik67 won by checkmate"]

1. e4 c6 2. d3 Na6 3. f4 Nc7 4. Nf3 g6 5. g3 Bg7 6. Bg2 d6 7. O-O f6 8. c3 Nh6 9. Nbd2 Nf7 10. h3 O-O 11. Kh2 e5 12. Rf2 exf4 13. gxf4 f5 14. Nf1 fxe4 15. dxe4 d5 16. e5 Nh6 17. Ng3 Nf5 18. Nxf5 Bxf5 19. Nd4 Ne6 20. Be3 Qh4 21. Qe2 Rae8 22. Raf1 Ng5 23. Nxf5 Rxf5 24. Qg4 Qxg4 25. hxg4 Rf7 26. fxg5 Bxe5+ 27. Kh3 Rc7 28. Bxa7 c5 29. Bxd5+ Kh8 30. Rf7 Rd8 31. Rf8+ Rxf8 32. Rxf8+ Kg7 33. Rg8# 1-0

[Event "*** Titled Tuesday Blitz"]
[Site "Chess.com"]
[Date "2019.08.06"]
[Round "4"]
[White "LarissaSteenbekkers"]
[Black "PNEPaul"]
[Result "0-1"]
[WhiteElo "1794"]
[BlackElo "1755"]
[TimeControl "180+2"]
[EndTime "13:47:27 PDT"]
[Termination "PNEPaul won by resignation"]

1. e4 e5 2. Nf3 Nc6 3. Bb5 f5 4. Nc3 Nf6 5. exf5 d6 6. Nh4 Be7 7. d4 exd4 8. Qxd4 O-O 9. Bxc6 bxc6 10. Qc4+ Kh8 11. Qxc6 Bd7 12. Qf3 Ne8 13. Ng6+ hxg6 14. Bd2 Rxf5 15. Qd3 Re5+ 16. Be3 Bf5 17. Qd2 Bg5 18.
O-O-O Bxe3 19. fxe3 Qg5 20. Rhe1 Bg4 21. Ne2 Bxe2 22.
Rxe2 Nf6 23. Qd4 Rae8 24. h4 Qg3 25. Rh1 Rxe3 0-1

[Event "*** Titled Tuesday Blitz"]
[Site "Chess.com"]
[Date "2019.08.06"]
[Round "4"]
[White "Chess_Boxer123"]
[Black "OparinGrigoriy"]
[Result "1-0"]
[WhiteElo "2425"]
[BlackElo "2979"]
[TimeControl "180+2"]
[EndTime "13:47:31 PDT"]
[Termination "Chess_Boxer123 won by resignation"]

1. d4 f5 2. Nf3 Nf6 3. g3 g6 4.
Bg2 Bg7 5. O-O O-O 6. c4 d6 7. Nc3 c6 8. d5 e5 9. dxe6 Bxe6 10. b3 Qe7 11. Bb2 Na6 12. Rc1 Rad8 13. Nd4 Bc8 14. Re1 Nc5 15. Qc2 h5 16. h4 Nfe4 17. Rcd1 Nxc3 18. Bxc3 f4 19. Qxg6 fxg3 20. Qxg3 Ne4 21.
Bxe4 Qxe4 22. Ne6 Rd7 23. Bxg7 Qxe6 24. Bxf8+ Kxf8 25. Qf4+ Kg8 26. Kh2 Qh3+ 27. Kxh3 1-0

[Event "*** Titled Tuesday Blitz"]
[Site "Chess.com"]
[Date "2019.08.06"]
[Round "4"]
[White "colegiodemadrid"]
[Black "alturas_pacificas"]
[Result "1-0"]
[WhiteElo "2332"]
[BlackElo "2238"]
[TimeControl "180+2"]
[EndTime "13:47:43 PDT"]
[Termination "colegiodemadrid won by resignation"]

1. e4 e5 2. Nf3 Nf6 3. Nxe5 d6 4. Nf3 Nxe4 5. Nc3 Nxc3 6. dxc3 Be7 7. Be3 Be6 8. Qd2 Nc6 9. Bd3 a6 10. h4 h6 11.
O-O-O Qd7 12. Kb1 O-O-O 13. Nd4 Nxd4 14. cxd4 Kb8 15. c4 Bf5 16. d5 Bxd3+ 17. Qxd3 Bf6 18.
Qc2 Rhe8 19. Rd3 Qf5 20. g3 h5 21. Rhd1 g6 22. c5 Be7 23. c6 b6 24. Bxb6 cxb6 25. c7+ Ka7 26. cxd8=Q Bxd8 27. Re3 Qxc2+ 28. Kxc2 Rxe3 29.
fxe3 Bf6 30. Rf1 Be5 31. Rxf7+ 1-0

[Event "*** Titled Tuesday Blitz"]
[Site "Chess.com"]
[Date "2019.08.06"]
[Round "4"]
[White "raviteja81293"]
[Black "Yaacovn"]
[Result "1-0"]
[WhiteElo "2610"]
[BlackElo "2813"]
[TimeControl "180+2"]
[EndTime "13:47:44 PDT"]
[Termination "raviteja81293 won by resignation"]

1. d4 Nf6 2. Nf3 d6 3. c4 Nc6 4. Nc3 e5 5. g3 Bg4 6. d5 Nb8 7. Bg2 Be7 8. O-O O-O 9. Qb3 Qc8 10. e4 Nbd7 11. Be3 b6 12. Qc2 a5 13. a3 Nc5 14.
Nd2 Bh3 15. b4 Bxg2 16. Kxg2 Ncd7 17. f3 Ne8 18. Nb3 g6 19. bxa5 bxa5 20. Na4 f5 21. c5 Nef6 22. c6 Nb8 23. Bh6 Rf7 24. Rab1 Qa6 25.
Nc3 Qc4 26. Nd2 Qc5 27. Rb5 Qa7 28. Rb7 Qa6 29. Rfb1 fxe4 30. Rxb8+ Rxb8 31. Rxb8+ Bf8 32. Ndxe4 Nxe4 33. Nxe4 Qa7 34. Qb2 Qa6 35. Rxf8+ Rxf8 36. Bxf8 1-0

[Event "*** Titled Tuesday Blitz"]
[Site "Chess.com"]
[Date "2019.08.06"]
[Round "4"]
[White "dmosesov"]
[Black "Msb2"]
[Result "0-1"]
[WhiteElo "2548"]
[BlackElo "2853"]
[TimeControl "180+2"]
[EndTime "13:47:54 PDT"]
[Termination "Msb2 won by resignation"]

1. d4 Nf6 2. Nf3 d5 3. c4 e6 4.
Nc3 Bb4 5. Bg5 h6 6. Bxf6 Qxf6 7. e3 O-O 8. Rc1 Nc6 9. a3 Bxc3+ 10. Rxc3 dxc4 11.
Bxc4 e5 12. d5 Ne7 13. O-O Bg4 14. Be2 Rad8 15. e4 c6 16. h3 Bh5 17. Qb3 cxd5 18.
Qxb7 Rb8 19. Qa6 dxe4 20. Nd2 Bxe2 21. Qxe2 Rxb2 22. Qe3 Nd5 23. Nxe4 Qg6 24. Qxa7 Qxe4 0-1

[Event "*** Titled Tuesday Blitz"]
[Site "Chess.com"]
[Date "2019.08.06"]
[Round "4"]
[White "imdvb6307"]
[Black "Mops_2004"]
[Result "1-0"]
[WhiteElo "2418"]
[BlackElo "2509"]
[TimeControl "180+2"]
[EndTime "13:48:02 PDT"]
[Termination "imdvb6307 won by resignation"]

1. c4 g6 2. Nf3 Bg7 3. d4 Nf6 4. Nc3 O-O 5. e4 d6 6. Be2 e5 7. O-O Nc6 8. d5 Ne7 9. Ne1 Nd7 10. f3 f5 11. g4 Kh8 12. Be3 Ng8 13. Qd2 f4 14. Bf2 h5 15. h3 Bf6 16. Nd3 Bh4 17. Qe1 Bxf2+ 18. Qxf2 Ngf6 19. Kg2 Kg7 20. g5 Ne8 21. h4 c5 22. dxc6 bxc6 23. c5 dxc5 24. Nxc5 Nxc5 25. Qxc5 Qd6 26. Na4 Qxc5 27. Nxc5 Rb8 28. b3 Nc7 29. Rac1 Nb5 30. Bxb5 cxb5 31. Nd3 Rd8 32. Nxe5 Bb7 33. Rc7+ Kg8 34. Nxg6 Rd2+ 35. Rf2 Rxf2+ 36. Kxf2 b4 37. Nxf4 a5 38. Nxh5 Ba6 39. Nf6+ 1-0

[Event "*** Titled Tuesday Blitz"]
[Site "Chess.com"]
[Date "2019.08.06"]
[Round "4"]
[White "GM_shahin"]
[Black "ChessQueen"]
[Result "1-0"]
[WhiteElo "2894"]
[BlackElo "2640"]
[TimeControl "180+2"]
[EndTime "13:48:06 PDT"]
[Termination "GM_shahin won by resignation"]

1. b3 e5 2. Bb2 Nc6 3. Nf3 d6 4. e3 Nf6 5. d4 exd4 6. Nxd4 Ne5 7. c4 g6 8. Nc3 Bg7 9. Be2 O-O 10. O-O Re8 11.
Rc1 b6 12. Nd5 Bb7 13. Nb5 c6 14. Nxf6+ Qxf6 15. Nc7 c5 16. f4 Qe7 17. Nxe8 Nf3+ 18. Bxf3 Bxb2 19. Bxb7 Qxe3+ 20. Kh1 Rxe8 21. Rc2 1-0

[Event "*** Titled Tuesday Blitz"]
[Site "Chess.com"]
[Date "2019.08.06"]
[Round "4"]
[White "vpsetter"]
[Black "Keaton87"]
[Result "0-1"]
[WhiteElo "2640"]
[BlackElo "2625"]
[TimeControl "180+2"]
[EndTime "13:48:14 PDT"]
[Termination "Keaton87 won by resignation"]

1. e4 c5 2. Nf3 d6 3. d4 cxd4 4. Nxd4 Nf6 5. Nc3 g6 6. Be3 Bg7 7. f3 O-O 8. Qd2 Nc6 9. Bc4 Bd7 10. O-O-O Rc8 11. Bb3 Nxd4 12. Bxd4 b5 13. Nd5 Nxd5 14. exd5 Bxd4 15. Qxd4 a5 16. a3 b4 17. axb4 axb4 18. Kd2 Rc5 19. Ra1 Qc7 20. Rhe1 Bf5 21. Re4 Bxe4 22. fxe4 Rc8 23. Qd3 Qd8 24. h4 Qf8 25. Qe3 Qg7 26. Kc1 Qe5 27. Ra4 Qh2 28. Qf2 Qh1+ 29.
Kd2 Qb1 30. Qd4 Rxc2+ 0-1

[Event "*** Titled Tuesday Blitz"]
[Site "Chess.com"]
[Date "2019.08.06"]
[Round "4"]
[White "RegZryt"]
[Black "moro182"]
[Result "1-0"]
[WhiteElo "2606"]
[BlackElo "2803"]
[TimeControl "180+2"]
[EndTime "13:48:16 PDT"]
[Termination "RegZryt won by resignation"]

1. e4 e5 2. Nf3 Nc6 3. d4 exd4 4. Nxd4 Bc5 5. Nb3 Bb6 6. Nc3 Nf6 7. Qe2 O-O 8. Be3 d5 9. O-O-O d4 10. Bg5 h6 11. Bh4 Nb4 12. a3 Qe7 13. Nxd4 Bxd4 14.
Rxd4 Qe5 15. Bxf6 Qf4+ 16. Rd2 Nc6 17. Nd5 Qd6 18. Bc3 Qg6 19. Qe3 Be6 20. Bb5 Bxd5 21. exd5 Nb8 22. f4 a6 23. Bd3 Qh5 24. g4 Qxg4 25.
Rg1 1-0

[Event "*** Titled Tuesday Blitz"]
[Site "Chess.com"]
[Date "2019.08.06"]
[Round "4"]
[White "BlitzWizard04"]
[Black "KarstenHansch"]
[Result "0-1"]
[WhiteElo "2382"]
[BlackElo "2439"]
[TimeControl "180+2"]
[EndTime "13:48:16 PDT"]
[Termination "KarstenHansch won by resignation"]

1. d4 Nf6 2. c4 g6 3. g3 Bg7 4.
Bg2 O-O 5. Nc3 d6 6. Nf3 Nc6 7. O-O a6 8. Qd3 Nd7 9. e4 e5 10. d5 Nd4 11. Be3 Nc5 12. Qd2 Qf6 13. Ne1 Qe7 14.
b4 Nd7 15. Nc2 Nxc2 16. Qxc2 f5 17. exf5 gxf5 18. f4 exf4 19. Bxf4 Ne5 20. Rae1 Qf6 21. Ne2 a5 22. a3 b6 23. Be3 axb4 24. axb4 Ra3 25. Bd4 Qh6 26. Nf4 Ng4 27. h3 Bxd4+ 28. Kh1 Ne3 0-1

[Event "*** Titled Tuesday Blitz"]
[Site "Chess.com"]
[Date "2019.08.06"]
[Round "4"]
[White "NM2019"]
[Black "LuisFSiles"]
[Result "0-1"]
[WhiteElo "2074"]
[BlackElo "2189"]
[TimeControl "180+2"]
[EndTime "13:48:19 PDT"]
[Termination "LuisFSiles won on time"]

1. e4 e5 2. Nf3 Nc6 3. Bb5 a6 4. Ba4 Nf6 5. Kf1 b5 6. Bb3 Be7 7.
d3 O-O 8. g3 d5 9. exd5 Bh3+ 10. Kg1 Nxd5 11. Ng5 Bxg5 12. Bxg5 Qd7 13. Qf3 Nb6 14.
Nc3 Nd4 15. Qd1 Bg4 0-1

[Event "*** Titled Tuesday Blitz"]
[Site "Chess.com"]
[Date "2019.08.06"]
[Round "4"]
[White "chickencrossroad"]
[Black "AndrewMaco"]
[Result "0-1"]
[WhiteElo "2485"]
[BlackElo "2598"]
[TimeControl "180+2"]
[EndTime "13:48:20 PDT"]
[Termination "AndrewMaco won by resignation"]

1. d4 Nf6 2. c4 e6 3. Nf3 d5 4. Nc3 Bb4 5. Bg5 dxc4 6. Qa4+ Nc6 7. e3 Qd5 8. Bxf6 gxf6 9. Nd2 Bxc3 10. bxc3 b5 11.
Qc2 Bb7 12. a4 a6 13. Be2 Qxg2 14. Bf3 Nb4 15. cxb4 Bxf3 16. Rf1 Ke7 17. Qc3 f5 18. d5 Bxd5 19. Qe5 Kd7 20. Qf6 Kc6 21. Qxf7 Kb7 22. Qe7 c3 23. Nb1 Bc4 0-1

[Event "*** Titled Tuesday Blitz"]
[Site "Chess.com"]
[Date "2019.08.06"]
[Round "4"]
[White "Parhamov"]
[Black "Alopekos"]
[Result "1-0"]
[WhiteElo "2952"]
[BlackElo "2499"]
[TimeControl "180+2"]
[EndTime "13:48:26 PDT"]
[Termination "Parhamov won by resignation"]

1. e4 e5 2. Nf3 Nc6 3. d4 exd4 4. Nxd4 Bb4+ 5. c3 Bc5 6. Be3 Bb6 7. Nd2 Nf6 8. Bd3 O-O 9. O-O d5 10. Nxc6 bxc6 11. e5 Ng4 12. Bxb6 axb6 13. Qe2 Re8 14. f4 Qe7 15. Nf3 f6 16. Rae1 Rxa2 17. h3 Nh6 18.
Qc2 f5 19. Nd4 c5 20. Qb3 Ra5 21. Qxd5+ Qf7 22. e6 Qf6 23. Nc6 Bb7 24. e7+ Kh8 25. Re6 Qf7 26. Rfe1 Raa8 27. Bc4 Ng8 28. Nd8 Qh5 1-0

[Event "*** Titled Tuesday Blitz"]
[Site "Chess.com"]
[Date "2019.08.06"]
[Round "4"]
[White "BabyFacedAssasin"]
[Black "icychess54"]
[Result "1-0"]
[WhiteElo "2173"]
[BlackElo "2086"]
[TimeControl "180+2"]
[EndTime "13:48:28 PDT"]
[Termination "BabyFacedAssasin won by resignation"]

1. e4 c5 2. Nf3 d6 3. d4 cxd4 4. Nxd4 Nf6 5. Nc3 Nc6 6. Bg5 e6 7. Qd2 h6 8. Bxf6 gxf6 9. O-O-O a6 10. f4 h5 11. Kb1 Qc7 12. f5 Bh6 13. Qd3 Ne5 14. Qh3 Bd7 15. fxe6 fxe6 16. Qxh5+ Ke7 17. Nf5+ Kd8 18. Nxh6 Kc8 19. Qh4 Qd8 20. Qf4 Qf8 21. Ng4 Rh4 22. Qxf6 Qg8 23. Nxe5 dxe5 24. Qxh4 1-0

[Event "*** Titled Tuesday Blitz"]
[Site "Chess.com"]
[Date "2019.08.06"]
[Round "4"]
[White "bugsbunny444"]
[Black "GelmanAlexander"]
[Result "1-0"]
[WhiteElo "2503"]
[BlackElo "2550"]
[TimeControl "180+2"]
[EndTime "13:48:28 PDT"]
[Termination "bugsbunny444 won by resignation"]

1. Nf3 c5 2. c4 e6 3. g3 Nf6 4. Bg2 Be7 5. O-O O-O 6. b3 d6 7. Bb2 a6 8. Nc3 Qc7 9. e3 Nbd7 10. d4 cxd4 11. exd4 Re8 12. Re1 Bf8 13. Rc1 b6 14. Ng5 Bb7 15. d5 e5 16. Nce4 h6 17. Nxf6+ Nxf6 18. Ne4 Nd7 19. Bh3 Bc8 20. f4 exf4 21. gxf4 Kh8 22.
Qh5 Qd8 23. Ng5 Rxe1+ 24. Rxe1 Ne5 25. Bxe5 1-0

[Event "*** Titled Tuesday Blitz"]
[Site "Chess.com"]
[Date "2019.08.06"]
[Round "4"]
[White "NMZanette"]
[Black "julinha97"]
[Result "0-1"]
[WhiteElo "2329"]
[BlackElo "2230"]
[TimeControl "180+2"]
[EndTime "13:48:32 PDT"]
[Termination "julinha97 won by resignation"]

1. e4 c5 2. Nf3 d6 3. d4 cxd4 4. Nxd4 Nf6 5. f3 e5 6. Nb3 a5 7. c4 Nxe4 8. fxe4 Qh4+ 9. Kd2 g6 10. Kc2 Qxe4+ 11. Qd3 Qc6 12. Qd5 Qc7 13. Na3 Nc6 14. Kd1 Nb4 15. Qf3 Bg7 16. Nb5 Qe7 17.
a3 e4 18. Qf2 Bg4+ 19. Be2 Nd3 20. Qg3 Be5 21. Qe3 Bxe2+ 22. Qxe2 O-O 23. Qxe4 Nf2+ 0-1